 Dungeon Crawl Stone Soup version 0.22-a0-779-g6f83d72c62 (webtiles) character file.

100 Htamos the Skirmisher (level 5, -1/42 HPs)
             Began as a Formicid Abyssal Knight on July 19, 2018.
             Was a Believer of Lugonu.
             Slain by a gnoll
             ... wielding a +0 spear
              (7 damage)
             ... on level 3 of the Dungeon.
             The game lasted 00:04:49 (2525 turns).

Htamos the Skirmisher (Formicid Abyssal Knight)     Turns: 2525, Time: 00:04:49

Health: -1/42      AC:  3    Str: 17    XL:     5   Next: 3%
Magic:  7/7        EV: 11    Int: 11    God:    Lugonu [**....]
Gold:   57         SH:  2    Dex:  9    Spells: 4/4 levels left

rFire    . . .     SeeInvis +   s - +2 whip (pain)
rCold    . . .     Gourm    .   (no shield)
rNeg     . . .     Faith    .   b - +0 leather armour
rPois    .         Spirit   .   (helmet unavailable)
rElec    .         Reflect  +   (no cloak)
rCorr    .         Harm     .   (no gloves)
MR       .....                  (no boots)
Stlth    ++........             j - +2 amulet of reflection
HPRegen  0.14/turn              (no ring)
MPRegen  0.10/turn              (no ring)

@: lethally poisoned (-1 -> -4), flying
A: permanent stasis, dig shafts and tunnels, four strong arms, antennae 3,
camouflage 1, blurry vision 1, clumsy 1, mutation resistance 1
a: Dig, Shaft Self, Depart the Abyss, Bend Space, Renounce Religion


You were on level 3 of the Dungeon.
You worshipped Lugonu.
Lugonu was pleased with you.
You were not hungry.

You visited 1 branch of the dungeon, and saw 3 of its levels.
You visited the Abyss 1 time.

You collected 57 gold pieces.

Inventory:

Hand Weapons
 a - a +1 mace
 e - a +0 whip
 p - a +2 mace of draining
 s - a +2 whip of pain (weapon)
Armour
 b - a +0 leather armour (worn)
Jewellery
 j - a +2 amulet of reflection (around neck)
 k - an uncursed ring of protection from cold
 l - an uncursed ring of poison resistance {unknown}
 m - an uncursed ring of protection from cold
Scrolls
 d - 3 scrolls of teleportation
 f - a scroll of enchant armour {unknown}
 i - a scroll of noise {unknown}
 n - a scroll of amnesia {unknown}
Potions
 h - a potion of might
Comestibles
 c - 5 rations
 q - a chunk of flesh


   Skills:
 + Level 4.0 Fighting
 + Level 2.7 Maces & Flails
 + Level 3.1 Armour
 + Level 1.6 Dodging
 + Level 3.1 Invocations


You had 4 spell levels left.
You didn't know any spells.
Your spell library was empty.

Dungeon Overview and Level Annotations

Branches:
Dungeon (3/15)

Altars:
Nemelex Xobeh
Uskayaw


Innate Abilities, Weirdness & Mutations

You cannot be hasted, slowed, berserked, paralysed or teleported.
You can dig through walls and to a lower floor.
Your four strong arms can wield two-handed weapons with a shield.
You have a pair of large antennae on your head. (SInv)
Your skin changes colour to match your surroundings (Stealth+).
Scrolls take you a little longer to read.
You are clumsy. (Dex -2)
You are somewhat resistant to further mutation.


Message History

* * * LOW HITPOINT WARNING * * *
You hit the adder.
You kill the adder!
Lugonu accepts your kill.
Your Fighting skill increases to level 4!
You have reached level 5!
The gnoll hits you from afar with a spear.
* * * LOW HITPOINT WARNING * * *
It was a potion of haste.
Your stasis prevents you from being hasted.
The gnoll misses you.
It was a potion of mutation.
You feel extremely strange.
Your skin functions as natural camouflage.
Your vision blurs.
You feel clumsy.
You feel genetically stable.
You feel sick. The gnoll barely misses you.
It was a potion of flight.
You feel very buoyant.
You fly up into the air.
The gnoll hits you from afar with a spear!
You die...

........#...#.....##.
##....>....#.÷..........
......(...)(.....####..
..........#...#.#####.
#.............#...# #.
#.....###....###.###.
##........##..##..##.
#..#....#####.###<.#.
###.g†@...# ##.####)..
##.).##....# ##.<....###
#########>$#....######........##
........#..#.#### #..........#
...........#.# #..........#
........###..# #..........#
........# ..## #...........
........#.### #..........#
........#. ##........##


You could see a gnoll.

Vanquished Creatures
  3 gnolls (D:3)
  2 adders (D:3)
  A worm (D:2)
  A dart slug (D:3)
  A leopard gecko (D:3)
  5 orcs
  A ball python (D:1)
  6 bats
  3 giant cockroaches
  4 goblins (D:1)
  4 hobgoblins
  6 kobolds
  4 frilled lizards
  2 rats
43 creatures vanquished.

Notes
Turn   | Place    | Note
-------+----------+-------------------------------------------
     0 | Abyss:1  | Htamos the Formicid Abyssal Knight began the quest for the Orb.
     0 | Abyss:1  | Reached XP level 1. HP: 18/18 MP: 2/2
    31 | Abyss:1  | Noticed a smoke demon
    38 | Abyss:1  | Noticed a large abomination
    40 | D:1      | Escaped the Abyss
   252 | D:1      | Reached skill level 1 in Dodging
   377 | D:1      | Reached XP level 2. HP: 20/24 MP: 3/3
   702 | D:1      | Reached XP level 3. HP: 29/29 MP: 4/4
   962 | D:2      | Found a hide-covered altar of Uskayaw.
   962 | D:2      | Noticed a dagger
   963 | D:2      | Noticed a dagger
  1281 | D:2      | Found a sparkling altar of Nemelex Xobeh.
  1447 | D:3      | Reached ** piety under Lugonu
  2258 | D:3      | Reached XP level 4. HP: 28/37 MP: 6/6
  2522 | D:3      | Reached skill level 4 in Fighting
  2522 | D:3      | Reached XP level 5. HP: 8/42 MP: 7/7
  2524 | D:3      | Gained mutation: Your skin changes colour to match your surroundings (Stealth+). [potion of mutation]
  2524 | D:3      | Gained mutation: Scrolls take you a little longer to read. [potion of mutation]
  2524 | D:3      | Gained mutation: You are clumsy. (Dex -2) [potion of mutation]
  2524 | D:3      | Gained mutation: You are somewhat resistant to further mutation. [potion of mutation]
  2525 | D:3      | Slain by a gnoll

Vault maps used:
D:1:      matt_arrival_diagonals
D:2:      dancing_weapons_uskayaw, nemelex_xobeh_ov_fountains_minmay

Skill      XL: |  1  2  3  4 |
---------------+-------------+-----
Dodging        | 1 |  1.6
Armour         | 3 |  3.1
Invocations    | 3 |  3.1
Fighting       | 4 |  4.0
Maces & Flails | |  2.7

Action                   |  1- 3 |  4- 6 || total
-------------------------+-------+-------++-------
Melee: Whip              |    81 |     9 ||    90
       Mace              |    38 |    12 ||    50
  Use: Scroll            |     3 |       ||     3
       Potion            |     1 |     3 ||     4
 Stab: Sleeping          |     1 |       ||     1
  Eat: Chunk             |     4 |     1 ||     5
Armor: Leather armour    |    20 |     1 ||    21
Dodge: Dodged            |    61 |    13 ||    74
Block: Other             |     1 |       ||     1

Table legend:
 A = Spawn XP
 B = Non-spawn XP
 C = Spawn XP percentage of total XP
 D = Spawn monster count
 E = Non-spawn monster count
 F = Spawn count percentage of total count
 G = Total turns spent on level
                    A         B        C        D         E        F      G
               +---------+---------+-------+---------+---------+-------+---------
         Total |       0 |     143 |   0.0 |       0 |      43 |   0.0 |  2525
               +---------+---------+-------+---------+---------+-------+---------
           D:1 |       0 |      34 |   0.0 |       0 |      21 |   0.0 |   878
           D:2 |       0 |      27 |   0.0 |       0 |      12 |   0.0 |  1037
           D:3 |       0 |      82 |   0.0 |       0 |      10 |   0.0 |   570
               +---------+---------+-------+---------+---------+-------+---------
